 Dungeon Crawl Stone Soup version 0.19.0-2-gae57169 (webtiles) character file.

137 dobroeutro the Cudgeler (level 5, -15/32 HPs)
             Began as a Gargoyle Fighter on Nov 6, 2016.
             Demolished by an ogre
             ... wielding a +0 giant club
              (23 damage)
             ... on level 4 of the Dungeon.
             The game lasted 00:02:02 (2021 turns).

dobroeutro the Cudgeler (Gargoyle Fighter)          Turns: 2021, Time: 00:02:02

Health: -15/32     AC: 12    Str: 20    XL:     5   Next: 20%
Magic:  5/5        EV:  7    Int: 11    God:
Gold:   137        SH:  9    Dex:  9    Spells: 0 memorised, 4 levels left

rFire  . . .     SeeInvis .     a - +0 flail
rCold  . . .     Gourm    .     b - +0 scale mail
rNeg   + . .     Faith    .     c - +0 shield
rPois  ∞         Spirit   .     (no helmet)
rElec  +         Reflect  .     (no cloak)
rCorr  .         Harm     .     (no gloves)
MR     .....     Rnd*Tele +     n - +0 pair of boots
Stlth  ..........               (no amulet)
                                l - +2 ring of intelligence
                                j - ring of teleportation (curse)

@: no status effects
A: negative energy resistance 1, electricity resistance, unbreathing,
petrification resistance, rot immunity, AC +4
a: no special abilities


You were on level 4 of the Dungeon.
You were near starving.

You visited 1 branch of the dungeon, and saw 4 of its levels.

You collected 137 gold pieces.

Inventory:

Hand Weapons
 a - a +0 flail (weapon)
Armour
 b - a +0 scale mail (worn)
 c - a +0 shield (worn)
 n - a +0 pair of boots (worn)
Jewellery
 j - a cursed ring of teleportation (left hand)
 l - a +2 ring of intelligence (right hand)
Scrolls
 e - 3 scrolls of enchant weapon {unknown}
 h - 2 scrolls of remove curse {unknown}
 i - a scroll of fog {unknown}
 k - a scroll of magic mapping {unknown}
 m - 3 scrolls of identify {unknown}
 p - 2 scrolls of teleportation {unknown}
 v - 2 scrolls of random uselessness {unknown}
Potions
 d - a potion of might
 o - a potion of magic {unknown}
 q - a potion of cancellation {unknown}
 r - a potion of haste {unknown}
 s - a potion of brilliance {unknown}
 t - a potion of lignification {unknown}
 u - a potion of curing {unknown}
 w - a potion of resistance {unknown}
Comestibles
 f - 3 bread rations
 g - 2 meat rations


   Skills:
 - Level 3.2 Fighting
 + Level 5.2 Maces & Flails
 - Level 3.2 Armour
 - Level 3.2 Shields


You had 4 spell levels left.
You didn't know any spells.

Dungeon Overview and Level Annotations

Branches:
Dungeon (4/15)
 Temple: D:4-7

Altars:


Innate Abilities, Weirdness & Mutations

You are resistant to torment.
Your stone body is resilient. (AC +4)
You are immune to poison.
You resist negative energy. (rN+)
You are resistant to electric shocks. (rElec)
You can survive without breathing.
You are immune to petrification.
You are immune to rotting.


Message History

You are too injured to fight recklessly!
You are too injured to fight recklessly!
You are too injured to fight recklessly!
You are too injured to fight recklessly!
You are too injured to fight recklessly!
You are too injured to fight recklessly!
You are too injured to fight recklessly!
Unknown command.
You sock the ogre!
The ogre is almost dead.
The ogre hits you but does no damage. You block the adder's attack.
You completely miss the ogre.
The ogre is almost dead.
The adder barely misses you. You block the ogre's attack.
The adder barely misses you.
You hit the ogre but do no damage.
The ogre is almost dead.
You block the adder's attack. The ogre hits you with a giant club!!
Ouch! That really hurt!
You die...

#...# ##...### .#
#......#
..[.####......#
#.........#.#
#...#.#!....#.###
. .. #..........
#.# #.......## #
#..@....#
##S.O....#
......##.#
###.....# #
#.....# #.....#
#.....# #.....#


You could see an ogre and an adder.

Vanquished Creatures
  An orc wizard (D:3)
  2 adders
  An ooze (D:3)
  2 worms (D:2)
  4 dart slugs (D:1)
  3 leopard geckos
  5 orcs (D:3)
  6 bats
  3 giant cockroaches
  5 goblins
  3 hobgoblins
  5 jackals
  2 quokkas
  2 ball pythons (D:3)
  A frilled lizard (D:1)
  10 kobolds
  7 rats
62 creatures vanquished.

Notes
Turn   | Place    | Note
-------+----------+-------------------------------------------
     0 | D:1      | dobroeutro the Gargoyle Fighter began the quest for the Orb.
     0 | D:1      | Reached XP level 1. HP: 14/14 MP: 1/1
   209 | D:1      | Reached XP level 2. HP: 15/19 MP: 2/2
   306 | D:1      | Reached skill level 3 in Maces & Flails
   458 | D:1      | Reached XP level 3. HP: 18/23 MP: 3/3
  1147 | D:2      | Reached skill level 4 in Maces & Flails
  1344 | D:3      | Reached XP level 4. HP: 28/28 MP: 4/4
  1473 | D:3      | Found a faded altar of an unknown god.
  1657 | D:3      | Reached skill level 5 in Maces & Flails
  1668 | D:3      | Reached XP level 5. HP: 32/32 MP: 5/5
  1869 | D:3      | You fall through a shaft!
  2007 | D:4      | Noticed an ogre
  2021 | D:4      | Demolished by an ogre

Skill      XL: |  1  2  3  4 |
---------------+-------------+-----
Maces & Flails | 3 4 5 |  5.2
Fighting       | |  3.2
Armour         | |  3.2
Shields        | |  3.2

Action                   |  1- 3 |  4- 6 || total
-------------------------+-------+-------++-------
Melee: Flail             |   132 |    95 ||   227
  Eat: Chunk             |     1 |     1 ||     2
Armor: Scale mail        |    96 |    61 ||   157
Dodge: Dodged            |    60 |    44 ||   104
Block: Shield            |    75 |    62 ||   137
